 Dungeon Crawl Stone Soup version 0.31-a0-1237-gabc64e778c (webtiles) character file.

Game seed: 222310316551480159

1467 graki42 the Thaumaturge (level 8, 0/41 HPs)
             Began as a Deep Elf Conjurer on Dec 15, 2023.
             Was an Initiate of Vehumet.
             Slain by Flippered's ghost (16 damage)
             ... on level 6 of the Dungeon.
             The game lasted 00:16:46 (5297 turns).

graki42 the Thaumaturge (Deep Elf Conjurer)         Turns: 5297, Time: 00:16:47

Health: 0/41       AC:  6    Str:  6    XL:     8   Next: 48%
Magic:  1/22       EV: 13    Int: 24    God:    Vehumet [......]
Gold:   269        SH:  0    Dex: 15    Spells: 13/24 levels left

rFire   . . .        B - +2 mace of Infinity {flame, rPois rF- Will+ Dex+2}
rCold   + . .        (no shield)
rNeg    . . .        x - +2 robe {rC+}
rPois   +            (no helmet)
rElec   .            p - +0 cloak
rCorr   .            f - +0 pair of gloves
SInv    .            (no boots)
Will    +....        c - amulet of regeneration
Stlth   ++           u - ring of protection from fire
HPRegen 1.06/turn    (no ring)
MPRegen 0.18/turn

%: no passive effects
@: very slightly contaminated
A: no striking features
a: Renounce Religion


You were on level 6 of the Dungeon.
You worshipped Vehumet.
Vehumet was noncommittal.
You visited 2 branches of the dungeon, and saw 7 of its levels.
You also visited: Sewer.

You collected 269 gold pieces.

Inventory:

Hand Weapons
 o - a +2 quarterstaff of chaos
 B - the +2 mace of Infinity (weapon) {flame, rPois rF- Will+ Dex+2}
   (You found it on level 6 of the Dungeon)

   Dex+2:     It affects your dexterity (+2).
   rF-:       It makes you vulnerable to fire.
   rPois:     It protects you from poison Will+: It increases your willpower.
Armour
 a - a +0 robe
 f - a +0 pair of gloves (worn)
 h - +1 steam dragon scales
 p - a +0 cloak (worn)
 x - a +2 robe of cold resistance (worn)
Jewellery
 c - an amulet of regeneration (around neck)
 t - a ring of ice
 u - a ring of protection from fire (left hand)
Scrolls
 e - 2 scrolls of vulnerability {unknown}
 l - a scroll of brand weapon {unknown}
 n - a scroll of butterflies {unknown}
 q - 2 scrolls of teleportation
 s - 2 scrolls of identify {unknown}
 y - a scroll of poison {unknown}
Potions
 b - a potion of magic
 d - 3 potions of curing {unknown}
 g - a potion of mutation {unknown}
 i - a potion of attraction {unknown}
 j - 2 potions of might {unknown}
 k - a potion of resistance {unknown}
 m - 2 potions of brilliance {unknown}
 r - a potion of heal wounds {unknown}
 v - a potion of haste {unknown}
 w - a potion of degeneration {unknown}
 z - a potion of enlightenment {unknown}
 A - a potion of ambrosia {unknown}


   Skills:
 - Level 3.0 Dodging
 - Level 3.0 Stealth
 + Level 8.9 Spellcasting
 + Level 8.3 Conjurations
 + Level 4.4 Hexes
 + Level 3.6 Translocations


You had 13 spell levels left.
You knew the following spells:

 Your Spells              Type           Power      Damage    Failure   Level
a - Magic Dart            Conj           100%       1d8       1%          1
b - Searing Ray           Conj           100%       2d8       1%          2
c - Fulminant Prism       Conj/Hex       20%        3d12      4%          4
d - Iskenderun's Mystic   Conj/Tloc      39%        2d9       4%          4

Your spell library contained the following spells:

 Spells                   Type           Power      Damage    Failure   Level
 Dazzling Flash           Conj/Hex       82%        N/A       1%          3
 Cigotuvi's Dreadful Rot  Necr/Pois/Air  20%        N/A       9%          2
 Ignite Poison            Fire/Tmut/Pois 10%        N/A       19%         3
 Freezing Cloud           Conj/Ice/Air   12%        6-21      45%         5


Dungeon Overview and Level Annotations

Branches:
Dungeon (6/15)             Temple (1/1) D:5           Sewer (visited)

Altars:
Ashenzari
Cheibriados
Dithmenos
Elyvilon
Gozag
Hepliaklqana
Kikubaaqudgha
Makhleb
Okawaru
Qazlal
Ru
Trog
Uskayaw
Vehumet
Wu Jian
Xom
Yredelemnul
The Shining One

Shops:
D:1 *

Annotations:
D:6 Flippered's ghost, novice TrEE


Message History

Unknown command.
Casting: Iskenderun's Mystic Blast (dangerous; 4% risk of failure)
Confirm with . or Enter, or press ? or * to list all spells.
Aiming: Searing Ray (safe; 1% risk of failure)
Press: ? - help, Shift-Dir - straight line, f/p - Flippered's ghost
Aim: Flippered's ghost (almost destroyed, 90% to hit)
The searing ray hits Flippered's ghost but does no damage.
Flippered's ghost is almost destroyed. (Press . to maintain the ray.) Flippered's ghost says, "I will deal out your death!"
The searing ray hits Flippered's ghost but does no damage.
Flippered's ghost is almost destroyed.
The searing ray hits Flippered's ghost but does no damage.
Flippered's ghost is almost destroyed.
Flippered's ghost hits you!
Casting: Searing Ray (safe; 1% risk of failure)
Confirm with . or Enter, or press ? or * to list all spells.
You erupt in a blast of force!
The mystic blast hits Flippered's ghost.
Flippered's ghost is almost destroyed.
Flippered's ghost is knocked back by the mystic blast.
Unknown command.
Casting: Iskenderun's Mystic Blast (dangerous; 4% risk of failure)
Confirm with . or Enter, or press ? or * to list all spells.
You don't have enough magic to cast this spell.
Unknown command.
You see here a +0 hand axe.
Flippered's ghost wails.
Casting: Iskenderun's Mystic Blast (dangerous; 4% risk of failure)
Confirm with . or Enter, or press ? or * to list all spells.
You don't have enough magic to cast this spell.
Casting: Iskenderun's Mystic Blast (dangerous; 4% risk of failure)
Confirm with . or Enter, or press ? or * to list all spells.
You miscast Iskenderun's Mystic Blast.
You are very lightly contaminated with residual magic.
Nothing appears to happen.
Flippered's ghost hits you!
Flippered's ghost attacks as it pursues you!
Flippered's ghost hits you!
You die...

#.##...........
#.##).........#
###.#)..).).....#
#..).)..#'#...###
##.##...##.##...#
#..#...##...##....
##.##..##.....##...
#..##W.#⌠.!♣?.⌠#...
##...@..##..!..##..#
##..###...##...##...#
####...#
##...##⌠##...
##.....## #....###..
###..##<.# #........
#..)##..## #......
#.####†## #.##..
#####.####.# .#
#........#.#


You could see Flippered's ghost.

Vanquished Creatures
  Edmund (D:5)
  Pargi (Sewer)
  An ice beast (D:5)
  2 black bears
  2 phantoms (D:5)
  A brain worm (Sewer)
  Blork the orc (D:5)
  4 scorpions
  2 orc priests (D:6)
  3 hounds
  Crazy Yiuf (D:3)
  A jelly (D:4)
  2 iguanas
  An orc wizard (D:5)
  A sleepcap (D:4)
  7 adders
  2 ufetubi (D:5)
  A worm (D:4)
  18 orcs
  5 endoplasms
  5 giant cockroaches
  5 goblins
  8 hobgoblins
  4 jackals (D:3)
  6 kobolds
  5 quokkas
  12 ball pythons
  5 bats
  4 frilled lizards
  4 rats
115 creatures vanquished.

Vanquished Creatures (others)
  4 fulminant prisms (D:5)
4 creatures vanquished.

Grand Total: 119 creatures vanquished

Notes
Turn   | Place    | Note
-------+----------+-------------------------------------------
     0 | D:1      | graki42 the Deep Elf Conjurer began the quest for the Orb.
     0 | D:1      | Reached XP level 1. HP: 10/10 MP: 6/6
    57 | D:1      | Found a faded altar of an unknown god.
   259 | D:1      | Reached XP level 2. HP: 15/15 MP: 6/8
   292 | D:1      | Learned a level 2 spell: Searing Ray
   588 | D:1      | Found Kiseivut's General Store.
  1349 | D:2      | Reached XP level 3. HP: 19/19 MP: 7/10
  1543 | D:2      | Reached skill level 5 in Conjurations
  1986 | D:3      | Reached XP level 4. HP: 24/24 MP: 6/12
  2493 | D:3      | Found an iron altar of Okawaru.
  2565 | D:3      | Found a glowing drain.
  2605 | Sewer    | Entered a sewer
  2648 | Sewer    | Noticed a brain worm
  2653 | Sewer    | Killed a brain worm
  2654 | Sewer    | Reached skill level 5 in Spellcasting
  2654 | Sewer    | Reached XP level 5. HP: 22/28 MP: 4/14
  2809 | Sewer    | Noticed Pargi
  2818 | Sewer    | Killed Pargi
  2819 | Sewer    | Reached XP level 6. HP: 22/32 MP: 5/17
  3112 | D:3      | Found a runed translucent door.
  3113 | D:3      | Noticed Crazy Yiuf
  3266 | D:3      | Killed Crazy Yiuf
  3470 | D:4      | Reached XP level 7. HP: 36/36 MP: 11/19
  3657 | D:4      | Learned a level 4 spell: Fulminant Prism
  3662 | D:4      | Learned a level 4 spell: Iskenderun's Mystic Blast
  4102 | D:5      | Entered Level 5 of the Dungeon
  4102 | D:5      | Noticed Blork the orc
  4107 | D:5      | Killed Blork the orc
  4108 | D:5      | Reached skill level 1 in Hexes
  4108 | D:5      | Reached skill level 1 in Translocations
  4270 | D:5      | Reached XP level 8. HP: 41/41 MP: 1/22
  4801 | D:5      | Noticed Edmund
  4811 | D:5      | Killed Edmund
  4925 | D:5      | Found a staircase to the Ecumenical Temple.
  4933 | Temple   | Entered the Ecumenical Temple
  4938 | Temple   | Became a worshipper of Vehumet
  5120 | D:6      | Identified the +2 mace of Infinity {flame, rPois rF- Will+
                  | Dex+2}
  5149 | D:6      | Found a runed translucent door.
  5149 | D:6      | Noticed Flippered's ghost (novice TrEE)
  5297 | D:6      | Slain by Flippered's ghost

Illustrated notes

Levels and vault maps discovered:
D:1:      psy_arrival_whirlpool, layout_basic,
          shapermc_ecumenical_altar_mp_ritualfount, serial_shops,
          nicolae_shop_behind_doors
D:2:      layout_rooms, minivault_23, lemuel_flame_loot_1
D:3:      layout_rooms, mainiacjoe_overflow_concentric_impassable,
          gup_sewer_entry_glass, kennysheep_cluttered_room,
          uniq_crazy_yiuf_cottage
D:4:      layout_rooms, dk_noncrumbling_3, fountainhead,
          kennysheep_generic_room_12
D:5:      layout_rooms, minmay_temple_entry_enclosed_plants, uniq_edmund,
          uniq_blork_the_orc
D:6:      layout_rooms, hellmonk_ghost_happy_afterlife
Temple:   sentei_temple_godly_chess

Skill      XL: |  1  2  3  4  5  6  7  8 |
---------------+-------------------------+-----
Stealth        | 3 |  3.0
Dodging        | 3 |  3.0
Spellcasting   | 4 5 6 7 8 |  8.9
Conjurations   | 5 6 7 8 |  8.3
Hexes          | 3 4 |  4.4
Translocations | 2 3 |  3.6

Action                     |  1- 3 |  4- 6 |  7- 9 || total
---------------------------+-------+-------+-------++-------
  Melee: Unarmed           |     1 |     1 |       ||     2
         Quarterstaff      |       |       |     3 ||     3
   Cast: Magic Dart        |    66 |    27 |     3 ||    96
         Searing Ray       |     3 |    21 |    33 ||    57
         Iskenderun's Myst |       |       |     9 ||     9
         Fulminant Prism   |       |       |     4 ||     4
    Use: Scroll            |     2 |       |       ||     2
         Potion            |       |       |     1 ||     1
   Stab: Sleeping          |       |     1 |       ||     1
 Armour: Robe              |     1 |       |    22 ||    23
         Steam dragon scal |     4 |    23 |     4 ||    31
         Skin              |     1 |       |       ||     1
  Dodge: Dodged            |     4 |    18 |    21 ||    43

Table legend: (Time is in decaauts)
 A = Elapsed time spent in this place.
 B = Non-inter-level travel time spent in this place.
 C = Inter-level travel time spent in this place.
 D = Time resting spent in this place.
 E = Time spent auto-exploring this place.
 F = Levels seen in this place.
 G = Mean time per level.
                   A        B        C        D        E       F      G
               +--------+--------+--------+--------+--------+-----+--------+
         Total |   5332 |   5150 |    182 |    342 |   4109 |   8 |  666.5 |
       Dungeon |   4957 |   4780 |    177 |    342 |   3794 |   6 |  826.2 |
        Temple |     10 |      5 |      5 |      0 |      0 |   1 |   10.0 |
         Sewer |    364 |    364 |      0 |      0 |    314 |   1 |  364.0 |
               +--------+--------+--------+--------+--------+-----+--------+

Top non-repeatable levels by time:
     D:1: 1278 daAuts
     D:3: 1012 daAuts
     D:5: 964 daAuts
     D:4: 787 daAuts
     D:2: 694 daAuts
   Sewer: 364 daAuts
     D:6: 220 daAuts
  Temple: 10 daAuts
